 Dungeon Crawl Stone Soup version 0.31.0-11-ge490571c62 (webtiles) character file.

Game seed: 8228581152178870375

13665 browni3141 the Cleaver (level 11, -2/102 HPs)
             Began as a Minotaur Fighter on Jan 27, 2024.
             Was a High Priest of Okawaru.
             Slain by a komodo dragon (13 damage)
             ... on level 1 of the Lair of Beasts.
             The game lasted 00:06:26 (7613 turns).

browni3141 the Cleaver (Minotaur Fighter)           Turns: 7613, Time: 00:06:27

Health: -2/102     AC: 18    Str: 23    XL:     11   Next: 78%
Magic:  11/16      EV: 12    Int:  1    God:    Okawaru [*****.]
Gold:   332        SH:  5    Dex: 10    Spells: 10/10 levels left

rFire   . . .        Q - +1 war axe (heavy)
rCold   . . .        c - +0 buckler
rNeg    + + +        A - +3 ring mail
rPois   .            (helmet restricted)
rElec   .            (no cloak)
rCorr   +            P - +1 pair of gloves
SInv    .            M - +1 pair of boots of the Tarantula {rN+++ rCorr Str-2 Int-4}
Will    .....        (no amulet)
Stlth   ++           h - +4 ring of protection
HPRegen 0.37/turn    (no ring)
MPRegen 0.15/turn

%: no passive effects
@: heroic, finesse-ful
A: horns 2, retaliatory headbutt
a: Renounce Religion, Heroism, Finesse, Duel


You were on level 1 of the Lair of Beasts.
You worshipped Okawaru.
Okawaru was extremely pleased with you.
You visited 3 branches of the dungeon, and saw 12 of its levels.
You also visited: Bailey.

You collected 515 gold pieces.
You spent 183 gold pieces at shops.

Inventory:

Hand Weapons
 a - a +0 war axe
 Q - a +1 heavy war axe (weapon)
Missiles
 l - 4 boomerangs (quivered)
 v - 2 curare-tipped darts
 B - a throwing net
 L - a javelin
 O - 3 silver javelins
Armour
 b - a +0 scale mail
 c - a +0 buckler (worn)
 j - a +0 pair of boots
 n - a +0 pair of gloves
 s - the +2 pair of boots of Yesterday {Harm rElec}
   (You found it on level 5 of the Dungeon)

   rElec:     It insulates you from electricity.
   Harm:      It increases damage dealt and taken.
 A - a +3 ring mail (worn)
 M - the +1 pair of boots of the Tarantula (worn) {rN+++ rCorr Str-2 Int-4}
   (You found it in a bailey)

   Str-2:     It affects your strength (-2).
   Int-4:     It affects your intelligence (-4).
   rN+++:     It renders you almost immune to negative energy.
   rCorr:     It protects you from acid and corrosion.
 N - the +0 plate armour of Gasujiosk {rN+}
   (You found it in a bailey)

   rN+:       It protects you from negative energy.
 P - a +1 pair of gloves (worn)
Jewellery
 h - a +4 ring of protection (left hand)
 i - a ring of protection from fire
 w - an amulet of the acrobat
 C - a ring of wizardry
 E - a ring of willpower
 G - a ring of poison resistance
Wands
 q - a wand of paralysis (7)
 I - a wand of iceblast (9)
Scrolls
 g - a scroll of enchant armour
 m - a scroll of poison
 p - a scroll of amnesia
 r - 7 scrolls of teleportation
 t - a scroll of fear
 y - 2 scrolls of noise
 D - a scroll of revelation
 F - a scroll of immolation {unknown}
 H - a scroll of enchant weapon {unknown}
Potions
 d - a potion of might
 e - 2 potions of attraction
 f - 2 potions of brilliance
 k - 2 potions of lignification
 o - 4 potions of curing
 u - 2 potions of berserk rage {unknown}
 x - 2 potions of mutation {unknown}
 z - a potion of heal wounds {unknown}
 J - a potion of haste {unknown}
 K - a potion of resistance {unknown}
 R - a potion of magic {unknown}


   Skills:
 + Level 11.2(16.2) Fighting
 * Level 14.9(19.9) Axes
 + Level 8.1(13.1) Throwing
 - Level 3.6(8.6) Armour
 - Level 3.6(8.6) Shields
 + Level 8.2 Invocations


You had 10 spell levels left.
You didn't know any spells.
Your spell library contained the following spells:

 Spells                   Type           Power      Damage    Failure   Level
 Chain Lightning          Conj/Air       0%         N/A       100%        9
 Fire Storm               Conj/Fire      0%         5d1       100%        9
 Shatter                  Erth           0%         3d5*      100%        9


Dungeon Overview and Level Annotations

Branches:
Dungeon (10/15)            Temple (1/1) D:4            Lair (1/5) D:9
 Bailey (visited)
    Orc: D:9-12

Altars:
Cheibriados
Dithmenos
Elyvilon
Fedhas
Gozag
Hepliaklqana
Kikubaaqudgha
Makhleb
Nemelex Xobeh
Okawaru
Qazlal
Ru
Sif Muna
Trog
Uskayaw
Vehumet
Xom
Yredelemnul
Zin
The Shining One

Shops:
D:4 ?   D:8 **=


Innate Abilities, Weirdness & Mutations

You have a pair of horns on your head.
You reflexively headbutt those who attack you in melee.


Message History

The wolf attacks as it pursues you! The wolf bites you.
The wolf closely misses you. The wolf bites you but does no damage.
You see here a potion of curing.
The wolf bites you! The wolf closely misses you.
The wolf attacks as it pursues you! The wolf bites you!
You block the wolf's attack. The wolf bites you.
The wolf bites you but does no damage. x2
The wolf bites you! The wolf closely misses you.
The wolf attacks as it pursues you! The wolf barely misses you.
The wolf closely misses you. The wolf barely misses you. The wolf bites you.
The wolf attacks as it pursues you! The wolf bites you! The wolf bites you.
You block the wolf's attack.
You gain the combat prowess of a mighty hero.
You hit the wolf but do no damage. You slash the plant!
The plant begins to die.
The wolf closely misses you.
You hit the wolf spider.
The wolf spider is lightly wounded.
You slash the plant! The wolf spider hits you.
The wolf spider bites you but does no damage.
You can now deal lightning-fast blows.
The wolf spider barely misses you. You furiously retaliate!
You headbutt the wolf spider. The wolf spider closely misses you.
You slice the wolf spider!!
The wolf spider is heavily wounded.
You hit the plant.
A nearby plant withers and dies.
The wolf spider hits you! The wolf spider bites you.
You slash the wolf spider! Your headbutt misses the wolf spider.
The wolf spider is severely wounded.
The wolf spider closely misses you.
The wolf spider bites you but does no damage.
You closely miss the wolf spider. Your headbutt misses the wolf spider.
The wolf spider is severely wounded.
You closely miss the wolf spider.
The wolf spider is severely wounded.
The wolf spider hits you! The wolf spider barely misses you.
You barely miss the wolf spider.
The wolf spider is severely wounded.
The wolf spider barely misses you. The wolf spider misses you.
The wolf stops to sniff the ground.
You slash the wolf spider!
You kill the wolf spider!
Okawaru is honoured by your kill.
Your base Throwing skill increases to level 8!
You slice the wolf!!
You kill the wolf!
Okawaru accepts your kill.
You slice the wolf!!
You kill the wolf!
Okawaru accepts your kill.
You hit the wolf but do no damage. Your headbutt misses the wolf.
The wolf closely misses you. You furiously retaliate!
You headbutt the wolf. You chop the wolf into pieces!!!
You kill the wolf!
Okawaru accepts your kill.
You barely miss the wolf.
The wolf is moderately wounded.
The wolf closely misses you.
You slice the wolf!!
You kill the wolf!
Okawaru accepts your kill.
You open the wolf like a pillowcase!!!
You kill the wolf!
Okawaru accepts your kill.
You barely miss the wolf. Your headbutt misses the wolf.
The wolf bites you but does no damage.
You slash the wolf! You headbutt the wolf!
You kill the wolf!
Okawaru accepts your kill.
You hit the wolf. You headbutt the wolf.
The wolf is moderately wounded.
The wolf bites you but does no damage.
You miss the wolf. Your headbutt misses the wolf.
The wolf is moderately wounded.
The wolf misses you. You furiously retaliate!
You headbutt the wolf. You hit the wolf but do no damage.
The wolf is heavily wounded.
The wolf bites you but does no damage.
You cut the wolf into ribbons!!!
You kill the wolf!
Okawaru accepts your kill.
You barely miss the wolf. Your headbutt misses the wolf.
The wolf bites you but does no damage.
You closely miss the wolf. The wolf bites you but does no damage.
You closely miss the wolf. The wolf bites you.
You miss the wolf. The wolf barely misses you. You furiously retaliate!
You headbutt the wolf! You slice the wolf!!
You kill the wolf!
Okawaru accepts your kill. You block the wolf's attack.
You slice the wolf!!
You kill the wolf!
Okawaru accepts your kill.
You slice the komodo dragon!!
The komodo dragon is heavily wounded.
You slice the komodo dragon!!
The komodo dragon is almost dead.
The komodo dragon bites you!
You die...

####...#...#... ........#.......
.######.#...######.P.....#...#..#
.....######......................
.................................
.................................
.........!..h....................
...####.###.h...h...........<....
. ##....h###l####............
#....## #@# #.....######.. #....#
#+.###....†....... #....# .#
#....#....... #.$... .#
#............ .P #....# ##
#....#....... .. #..... ##
#....#####.#. .#..
##....######P##............
##..###..........................
##.+.#.#.........................


You could see a komodo dragon and a wolf.

Vanquished Creatures
  3 two-headed ogres
  2 orc knights (Bailey)
  A wolf spider (Lair:1)
  6 elephants (Lair:1)
  A black mamba (Lair:1)
  2 cane toads (Lair:1)
  A komodo dragon (Lair:1)
  A troll (D:9)
  A shadow (D:10)
  2 wyverns
  9 yaks (Lair:1)
  A steam dragon (D:8)
  An acid dragon (D:7)
  3 water moccasins
  An ice beast (D:7)
  6 orc warriors
  5 sky beasts (D:7)
  3 ogres
  2 centaurs
  9 wolves (Lair:1)
  2 phantoms
  A kobold brigand (D:9)
  10 bullfrogs
  2 scorpions (D:5)
  8 wights
  17 killer bees
  A jelly (D:7)
  2 howler monkeys (D:7)
  A bombardier beetle (D:3)
  2 hounds
  2 orc priests
  3 iguanas
  A sleepcap (D:7)
  3 orc wizards
  5 gnolls
  2 adders
  2 shadow imps (D:7)
  4 white imps
  3 ufetubi
  2 ribbon worms
  A dart slug (D:3)
  39 orcs
  5 endoplasms
  2 giant cockroaches (D:4)
  3 hobgoblins (D:4)
  4 quokkas
  2 ball pythons
  5 bats
  A frilled lizard (D:2)
  6 kobolds
  A rat (D:1)
202 creatures vanquished.

Vanquished Creatures (others)
  2 orcs (D:8)
2 creatures vanquished.

Grand Total: 204 creatures vanquished

Notes
Turn   | Place    | Note
-------+----------+-------------------------------------------
     0 | D:1      | browni3141 the Minotaur Fighter began the quest for the
                  | Orb.
     0 | D:1      | Reached XP level 1. HP: 19/19 MP: 0/0
   193 | D:1      | Reached skill level 3 in Axes
   205 | D:1      | Reached XP level 2. HP: 22/27 MP: 1/1
   453 | D:3      | Reached skill level 4 in Axes
   453 | D:3      | Reached XP level 3. HP: 17/34 MP: 2/2
   575 | D:3      | Reached XP level 4. HP: 36/41 MP: 3/3
   693 | D:4      | Noticed a phantom
   702 | D:4      | Reached skill level 5 in Axes
   709 | D:4      | Killed a phantom
   710 | D:4      | Reached skill level 5 in Fighting
   710 | D:4      | Reached XP level 5. HP: 37/48 MP: 4/4
   770 | D:4      | Found a shadowy altar of Dithmenos.
   845 | D:4      | Found a sacrificial altar of Ru.
   888 | D:4      | Found a staircase to the Ecumenical Temple.
   893 | D:4      | Found Qellerui's Magic Scroll Emporium.
   901 | Temple   | Entered the Ecumenical Temple
   915 | Temple   | Became a worshipper of Warmaster Okawaru
   934 | D:4      | Reached skill level 6 in Axes
  1029 | D:4      | Bought a scroll of identify for 26 gold pieces
  1029 | D:4      | Bought a scroll of identify for 26 gold pieces
  1198 | D:4      | Found a bloodstained altar of Trog.
  1206 | D:4      | Found a stormy altar of Qazlal.
  1445 | D:5      | Entered Level 5 of the Dungeon
  1482 | D:5      | Identified the +2 pair of boots of Yesterday {Harm rElec}
  1498 | D:5      | Reached XP level 6. HP: 56/56 MP: 5/5
  1591 | D:5      | Reached skill level 1 in Invocations
  1704 | D:5      | Reached skill level 1 in Throwing
  1762 | D:5      | Reached * piety under Okawaru
  1763 | D:5      | Reached skill level 7 in Axes
  1906 | D:5      | Reached XP level 7. HP: 62/62 MP: 7/7
  2892 | D:7      | Reached skill level 8 in Axes
  2944 | D:7      | Reached XP level 8. HP: 71/71 MP: 9/9
  2982 | D:7      | Reached ** piety under Okawaru
  3007 | D:7      | Reached skill level 9 in Axes
  3306 | D:7      | Reached *** piety under Okawaru
  3348 | D:7      | Reached XP level 9. HP: 74/80 MP: 11/11
  3354 | D:7      | Reached skill level 10 in Axes
  3362 | D:7      | Noticed a two-headed ogre
  3370 | D:7      | Killed a two-headed ogre
  3370 | D:7      | Reached **** piety under Okawaru
  3380 | D:7      | Reached skill level 5 in Invocations
  3397 | D:7      | Reached skill level 5 in Throwing
  3821 | D:7      | Reached skill level 11 in Axes
  4558 | D:8      | Found Osegrer's General Store.
  4569 | D:8      | Bought a potion of curing for 39 gold pieces
  4569 | D:8      | Bought a scroll of identify for 26 gold pieces
  4705 | D:8      | Identified the +6 whip of Uncertain Death {vamp, Str+2
                  | Dex+2}
  4749 | D:8      | Found Zuelihac's Assorted Antiques.
  4755 | D:8      | Bought a scroll of identify for 66 gold pieces
  4925 | D:8      | Found Qymuuh's Jewellery Shoppe.
  5203 | D:9      | Reached XP level 10. HP: 87/90 MP: 13/13
  5309 | D:9      | Noticed a two-headed ogre
  5314 | D:9      | Killed a two-headed ogre
  5314 | D:9      | Reached ***** piety under Okawaru
  5315 | D:9      | Reached skill level 12 in Axes
  5459 | D:9      | Found a staircase to the Lair.
  5672 | D:9      | Found a flagged portal.
  5681 | Bailey   | Entered a bailey
  5768 | Bailey   | Noticed an orc knight
  5778 | Bailey   | Killed an orc knight
  5802 | Bailey   | Received a gift from Okawaru
  5849 | Bailey   | Identified the +0 plate armour of Gasujiosk {rN+}
  5851 | Bailey   | Identified the +1 pair of boots of the Tarantula {rN+++
                  | rCorr Str-2 Int-4}
  5863 | Bailey   | Noticed an orc knight
  5873 | Bailey   | Killed an orc knight
  5874 | Bailey   | Reached skill level 13 in Axes
  5965 | Bailey   | Reached skill level 10 in Fighting
  6080 | D:9      | Identified the +9 war axe "Paum" {flame, rN+ Stlth+}
  6304 | D:9      | Noticed a two-headed ogre
  6313 | D:9      | Killed a two-headed ogre
  6346 | D:10     | Entered Level 10 of the Dungeon
  6473 | D:10     | Reached XP level 11. HP: 58/99 MP: 12/15
  6533 | Lair:1   | Entered Level 1 of the Lair of Beasts
  6763 | Lair:1   | Reached skill level 14 in Axes
  7103 | Lair:1   | Received a gift from Okawaru
  7567 | Lair:1   | Noticed a wolf spider
  7592 | Lair:1   | Killed a wolf spider
  7613 | Lair:1   | Slain by a komodo dragon

Illustrated notes

Levels and vault maps discovered:
D:1:      dpeg_chamrin_arrival_tetris, layout_loops_ring,
          ebering_ecumenical_altar_ruins, st_stairs_10
D:2:      layout_basic, uniq_natasha
D:3:      layout_rooms, mainiacjoe_overflow_catwalk, minmay_between
D:4:      layout_gridville, mainiacjoe_overflow_alcove_4, hangedman_ru_absence,
          amethyst_overflow_temple_binary, minmay_temple_entry_large_hall,
          serial_shops, shop, minivault_27, minmay_large_rounded_square,
          grunt_ministairs_9
D:5:      layout_basic
D:6:      layout_basic, dreamdust_gnoll_farm, uniq_edmund
D:7:      cheibrodos_fzero, layout_basic
D:8:      layout_loops_ring, serial_shops, shop, nicolae_diamond_shop, shop,
          minmay_liquid_box
D:9:      layout_loops_ring, lair_entry_dummy, enter_bailey_2
D:10:     layout_cave_pods, grunt_ashenzari_visionary
          [grunt_ashenzari_visionary_swamp, grunt_ashenzari_visionary_spider],
          david_orc_4, gammafunk_ghost_cemetery
Temple:   nicolae_temple_slightly_damp_pantheon
Lair:1:   layout_regular_city, nicolae_lair_run_with_the_wolves

Skill      XL: |  1  2  3  4  5  6  7  8  9 10 11 |
---------------+----------------------------------+-----
Axes           | 3 4 5 6 7 8 9 11 13 14 | 14.9
Fighting       | 4 5 6 7 8 10 11 | 11.2
Invocations    | 1 2 4 5 7 8 |  8.2
Throwing       | 1 2 4 5 7 8 |  8.1
Armour         | |  3.6
Shields        | |  3.6

Action                     |  1- 3 |  4- 6 |  7- 9 | 10-12 || total
---------------------------+-------+-------+-------+-------++-------
  Melee: War axe           |    56 |    97 |   210 |   255 ||   618
         Headbutt          |     4 |    14 |    28 |    48 ||    94
  Throw: Boomerang         |       |       |     2 |    13 ||    15
 Invoke: Heroism           |       |       |     2 |     8 ||    10
         Finesse           |       |       |       |     1 ||     1
    Use: Scroll            |       |     5 |     4 |     1 ||    10
         Potion            |       |       |       |     1 ||     1
 Armour: Scale mail        |    57 |    61 |    26 |       ||   144
         Ring mail         |       |       |   142 |   218 ||   360
  Dodge: Dodged            |    26 |    48 |   110 |   129 ||   313
  Block: Buckler           |    10 |    21 |    39 |    56 ||   126
